[Event "Titled Tuesday Blitz May 16 Late 2023"]
[White "Musovic, Armin"]
[Black "Quispe Arteaga, Gabriel"]
[WhiteFideId "939935"]
[BlackFideId "32059809"]
[WhiteElo "2322"]
[BlackElo "2274"]
[Result "0-1"]
[Round "06"]
[TimeControl "180+2"]
[Date "2023.05.16"]
[WhiteClock "0:00:04"]
[BlackClock "0:00:17"]

1. a3 Nf6 2. Nc3 d5 3. d3 g6 4. Bg5 Bg7 5. e4 d4 6. Nce2 e5 7. h3 O-O 8. Bh4 c5 9. Bg3 Nc6 10. Bh2 c4 11. Nc1 Qa5+ 12. Qd2 c3 13. bxc3 dxc3 14. Qd1 Be6 15. Nf3 Rad8 16. Be2 Nxe4 17. O-O Nd2 18. Ng5 Nxf1 19. Nxe6 fxe6 20. Nb3 Qb6 21. Qxf1 a5 22. Rb1 Qa7 23. a4 Nb4 24. Bd1 Bh6 25. Bg3 Bf4 26. Bxf4 Rxf4 27. Qe1 Rdf8 28. Bf3 Nxc2 29. Qxe5 Nd4 30. Nxd4 Qxd4 31. Qxe6+ Kh8 32. Rxb7 c2 33. Rc7 Qa1+ 34. Kh2 c1=Q 35. Rxc1 Qxc1 36. Qe5+ R4f6 37. d4 Qf4+ 38. Qxf4 Rxf4 39. d5 Rxa4 40. Bg4 Rd4 41. Be6 a4 42. Kg3 a3 43. f4 a2 44. d6 Rxd6 45. Bxa2 Rd3+ 46. Kh4 Rxf4+ 47. Kg5 Rb4 48. g4 Kg7 49. Be6 h6+ 50. Kh4 g5+ 51. Kh5 Rxh3# 0-1


[Site "https://www.chess.com"]

[Event "Titled Tuesday Blitz May 16 Late 2023"]
[White "Maltsevskaya, Aleksandra"]
[Black "Martinez Alcantara, Jose Eduardo"]
[WhiteFideId "24174041"]
[BlackFideId "3805662"]
[WhiteElo "2302"]
[BlackElo "2711"]
[Result "0-1"]
[Round "06"]
[TimeControl "180+2"]
[Date "2023.05.16"]
[WhiteClock "0:00:00"]
[BlackClock "0:00:10"]

1. e4 c5 2. Nf3 d6 3. d4 cxd4 4. Nxd4 a6 5. Nc3 e6 6. g3 Nf6 7. Bg2 Be7 8. O-O O-O 9. Be3 Bd7 10. Qe2 Nc6 11. Rfd1 Qc7 12. Nxc6 Bxc6 13. a4 Rac8 14. a5 Nd7 15. h4 Rfe8 16. h5 h6 17. Kh2 Bf6 18. Bd4 Rcd8 19. Rd2 Bxd4 20. Rxd4 Nf6 21. Rad1 Qxa5 22. Bf3 Qe5 23. Qd2 Nxh5 24. Rxd6 Rxd6 25. Qxd6 Qxd6 26. Rxd6 Nf6 27. Kg2 Nd7 28. Be2 Kf8 29. f3 Ke7 30. Rd2 Rc8 31. Kf2 g5 32. Rd1 Rh8 33. Na2 Ne5 34. Nb4 Bd7 35. c4 h5 36. f4 gxf4 37. gxf4 Ng6 38. f5 Ne5 39. fxe6 fxe6 40. Ke3 h4 41. Kd4 Nc6+ 42. Nxc6+ Bxc6 43. Rh1 h3 44. Rh2 Rh4 45. Bf3 Kf6 46. Ke3 Ke5 47. Kf2 Kf4 48. Bg2 Kg4 49. Bf3+ Kf4 50. Bg2 Bxe4 51. Rxh3 Rxh3 52. Bxh3 e5 53. Ke2 a5 54. Kd2 b6 55. Kc3 Bc6 56. b4 axb4+ 57. Kxb4 e4 58. c5 b5 59. Kc3 Ke3 60. Bf1 Kf2 0-1


[Site "https://www.chess.com"]

[Event "Titled Tuesday Blitz May 16 Late 2023"]
[White "Rustemov, Alexander"]
[Black "Papasimakopoulos, Alexandros"]
[WhiteFideId "4119002"]
[BlackFideId "4244125"]
[WhiteElo "2971"]
[BlackElo "2359"]
[Result "1-0"]
[Round "06"]
[TimeControl "180+2"]
[Date "2023.05.16"]
[WhiteClock "0:00:25"]
[BlackClock "0:00:11"]

1. d4 e6 2. Nf3 Nf6 3. c4 Bb4+ 4. Bd2 Qe7 5. g3 Nc6 6. Nc3 b6 7. Bg2 Na5 8. b3 Bb7 9. O-O O-O 10. Nb5 Bxd2 11. Qxd2 a6 12. Nc3 Ne4 13. Nxe4 Bxe4 14. Rfd1 d6 15. Rac1 Nc6 16. Ne1 Bxg2 17. Nxg2 a5 18. a3 h6 19. Nf4 Qf6 20. e3 g5 21. Nd3 Qf3 22. Ne1 Qf5 23. Qe2 e5 24. Qf3 Qxf3 25. Nxf3 exd4 26. Nxd4 Nxd4 27. Rxd4 f5 28. Kg2 Kg7 29. Kf3 Kf6 30. h4 Ke6 31. Rh1 Rh8 32. Ke2 Kf6 33. Rd5 Kg6 34. Kd3 Rae8 35. Rd4 Ra8 36. Kc3 Kf6 37. Rd5 Kg6 38. Rd2 Rae8 39. Kd4 Re5 40. hxg5 Re4+ 41. Kd5 Kxg5 42. Kc6 Rh7 43. a4 Kg4 44. Rd5 Re5 45. Rd4+ Kf3 46. Rf4+ Ke2 47. Rh5 Rc5+ 48. Kb7 d5 49. Rhxf5 h5 50. Rxd5 Rxd5 51. cxd5 Kd3 52. Kc6 Kc3 53. e4 Kxb3 54. e5 Re7 55. d6 cxd6 56. exd6 Re8 57. d7 Rg8 58. Re4 1-0


[Site "https://www.chess.com"]

[Event "Titled Tuesday Blitz May 16 Late 2023"]
[White "Nazari, Arad"]
[Black "Rasulov, Vugar"]
[WhiteFideId "12577324"]
[BlackFideId "13402390"]
[WhiteElo "2175"]
[BlackElo "2509"]
[Result "1-0"]
[Round "06"]
[TimeControl "180+2"]
[Date "2023.05.16"]
[WhiteClock "0:01:14"]
[BlackClock "0:00:00"]

1. e4 c5 2. Nf3 d6 3. Bb5+ Nd7 4. d4 cxd4 5. Qxd4 a6 6. Bxd7+ Bxd7 7. O-O Rc8 8. c4 e5 9. Qd3 h6 10. Nc3 Nf6 11. b3 Be7 12. a4 O-O 13. Ba3 Bc6 14. Rfd1 Qb6 15. a5 Qa7 16. Nxe5 Rfd8 17. Nd5 Nxd5 18. exd5 Be8 19. Ng4 b5 20. axb6 Qxb6 21. Bb2 h5 22. Nh6+ gxh6 23. Qg3+ Bg5 24. h4 f5 25. Qc3 1-0


[Site "https://www.chess.com"]

[Event "Titled Tuesday Blitz May 16 Late 2023"]
[White "Grigoriants, Sergey"]
[Black "De La Colina, Nicolas"]
[WhiteFideId "4130804"]
[BlackFideId "30946921"]
[WhiteElo "2502"]
[BlackElo "2046"]
[Result "1-0"]
[Round "06"]
[TimeControl "180+2"]
[Date "2023.05.16"]
[WhiteClock "0:00:05"]
[BlackClock "0:00:00"]

1. d4 Nf6 2. c4 e6 3. Nf3 b6 4. g3 Bb7 5. Bg2 Bb4+ 6. Bd2 Be7 7. Nc3 d5 8. cxd5 Nxd5 9. O-O O-O 10. Qb3 c5 11. dxc5 Bxc5 12. Ne5 Nd7 13. Nd3 Nxc3 14. Bxc3 Bxg2 15. Kxg2 Qc7 16. Rfd1 Rfd8 17. Qa4 Be7 18. Qe4 Nf6 19. Qf3 Nd5 20. Rac1 Rac8 21. Bxg7 Kxg7 22. Rxc7 Rxc7 23. Ne5 Bf6 24. Ng4 Be7 25. e4 Nf6 26. Rxd8 Bxd8 27. e5 Nxg4 28. Qxg4+ Kh8 29. h4 Be7 30. Qf3 Bc5 31. a3 Kg8 32. b4 Bf8 33. h5 h6 34. Qe4 Bg7 35. f4 Rd7 36. a4 Rd5 37. Kh3 a5 38. bxa5 bxa5 39. Qc4 Bf8 40. Kg4 Bg7 41. Qc7 Bf8 42. Qb7 Bb4 43. Qa8+ Bf8 44. Kf3 Kg7 45. g4 Kg8 46. Ke4 Kg7 47. f5 Bb4 48. f6+ Kh7 49. Qe8 1-0


[Site "https://www.chess.com"]

[Event "Titled Tuesday Blitz May 16 Late 2023"]
[White "MKlose11"]
[Black "Kramnik, Vladimir"]
[BlackFideId "4101588"]
[WhiteElo "2670"]
[BlackElo "2703"]
[Result "0-1"]
[Round "06"]
[TimeControl "180+2"]
[Date "2023.05.16"]
[WhiteClock "0:00:00"]
[BlackClock "0:00:02"]

1. e4 c5 2. Nc3 Nc6 3. g3 g6 4. Bg2 Bg7 5. d3 d6 6. f4 Nf6 7. Nf3 O-O 8. O-O Rb8 9. h3 b5 10. Be3 b4 11. Ne2 a5 12. Qd2 Ba6 13. b3 a4 14. g4 Nd7 15. Rac1 axb3 16. axb3 Bb7 17. f5 Nde5 18. Bh6 Nxf3+ 19. Bxf3 Ne5 20. Bg2 d5 21. Bxg7 Kxg7 22. Ng3 dxe4 23. Bxe4 f6 24. Qf2 Qd4 25. Ra1 Bxe4 26. Nxe4 Rfc8 27. Ra7 Kf8 28. Kg2 g5 29. Rfa1 Nc6 30. R7a6 Qxf2+ 31. Kxf2 Nd4 32. R1a2 Rc7 33. Ke3 Rbc8 34. Kd2 h5 35. Ra8 h4 36. Rxc8+ Rxc8 37. Ra5 Nf3+ 38. Ke3 Nd4 39. Kd2 Nf3+ 40. Ke3 Nd4 41. Rxc5 Nxc2+ 42. Kd2 Rxc5 43. Nxc5 Nd4 44. Ke3 Nc6 45. Ke4 Ke8 46. d4 Kd8 47. Kd5 Kc7 48. Kc4 Kd6 49. Na6 Na5+ 50. Kxb4 Nc6+ 51. Kc4 Na5+ 52. Kb4 Nc6+ 53. Kc3 Kd5 54. Nc7+ Ke4 55. b4 Kf3 56. b5 Nd8 57. Nd5 Kg2 58. Nxe7 Kxh3 0-1


[Site "https://www.chess.com"]

[Event "Titled Tuesday Blitz May 16 Late 2023"]
[White "Arabidze, Meri"]
[Black "Mekhitarian, Krikor Sevag"]
[WhiteFideId "13604040"]
[BlackFideId "2107660"]
[WhiteElo "2405"]
[BlackElo "2604"]
[Result "0-1"]
[Round "06"]
[TimeControl "180+2"]
[Date "2023.05.16"]
[WhiteClock "0:00:29"]
[BlackClock "0:00:09"]

1. Nf3 d5 2. d4 Nf6 3. c4 c6 4. e3 Bf5 5. Nbd2 e6 6. b3 c5 7. Bb2 cxd4 8. Nxd4 Bg6 9. cxd5 Qxd5 10. Bb5+ Nbd7 11. O-O a6 12. Bc4 Qd6 13. Qf3 Rb8 14. Rfd1 Bh5 15. Ne4 Qb6 16. Qg3 Nxe4 17. Qh4 Bxd1 18. Rxd1 Nef6 19. Qg3 Rc8 20. h4 Bd6 21. Qh3 Rxc4 22. bxc4 Qxb2 23. Nf3 Qb6 24. h5 h6 25. g4 Be7 26. Qg3 O-O 27. g5 hxg5 28. Qxg5 Qc5 29. Qg2 Qxh5 30. Rd4 Qg6 31. Ng5 Nh7 32. Nxh7 Qxg2+ 33. Kxg2 Rd8 0-1


[Site "https://www.chess.com"]

[Event "Titled Tuesday Blitz May 16 Late 2023"]
[White "Bazeev, German"]
[Black "Iliaguev, Nisim"]
[WhiteFideId "24119350"]
[BlackFideId "2817276"]
[WhiteElo "2466"]
[BlackElo "2241"]
[Result "0-1"]
[Round "06"]
[TimeControl "180+2"]
[Date "2023.05.16"]
[WhiteClock "0:00:02"]
[BlackClock "0:00:49"]

1. c4 g6 2. Nc3 c5 3. g3 Bg7 4. Bg2 Nc6 5. h4 h5 6. Nh3 Nf6 7. Nf4 O-O 8. a3 b6 9. b4 cxb4 10. axb4 Bb7 11. O-O d6 12. Bb2 Qd7 13. b5 Ne5 14. d3 Bxg2 15. Kxg2 Neg4 16. Qd2 e6 17. f3 Ne5 18. e4 Qb7 19. Ra6 Rfc8 20. Rfa1 Nfd7 21. Qe2 Nc5 22. R6a3 Ncxd3 23. Nxd3 Nxc4 24. Nd1 Nxa3 25. Rxa3 Bxb2 26. Qxb2 a5 27. N1f2 e5 28. g4 hxg4 29. Nxg4 Qe7 30. Qf2 Kg7 31. Ra2 f5 32. exf5 gxf5 33. Ne3 Qe6 34. Re2 Rc3 35. Qg3+ Kh7 36. Nf2 Rg8 0-1


[Site "https://www.chess.com"]

[Event "Titled Tuesday Blitz May 16 Late 2023"]
[White "Tisaj, Domen"]
[Black "Samsonkin, Artiom"]
[WhiteFideId "14628708"]
[BlackFideId "13503111"]
[WhiteElo "2340"]
[BlackElo "2524"]
[Result "0-1"]
[Round "06"]
[TimeControl "180+2"]
[Date "2023.05.16"]
[WhiteClock "0:00:12"]
[BlackClock "0:00:22"]

1. e4 e6 2. d4 d5 3. exd5 Qxd5 4. Nf3 Nf6 5. Nc3 Bb4 6. Bd3 b6 7. O-O Bxc3 8. bxc3 Bb7 9. Re1 Nbd7 10. c4 Qh5 11. Bf4 c5 12. d5 O-O 13. Bd6 Rfe8 14. dxe6 Rxe6 15. Rxe6 fxe6 16. Qe2 Re8 17. Re1 e5 18. Nxe5 Nxe5 19. Bxe5 Ng4 20. Qd1 Rxe5 21. h3 Rxe1+ 22. Qxe1 Qe5 23. Qd2 Qh2+ 24. Kf1 Qxg2+ 25. Ke1 Qg1+ 26. Bf1 Qxf2+ 27. Qxf2 Nxf2 28. Kxf2 Kf7 29. Ke3 Kf6 30. Kf4 g5+ 31. Ke3 Ke5 32. Bd3 h5 33. Be2 Bc8 34. Bxh5 Bxh3 35. c3 Be6 36. Be2 g4 37. Bd3 a5 38. a3 Bf5 39. Be2 g3 40. Kf3 Bg4+ 41. Kxg3 Bxe2 42. Kf2 Bxc4 43. Ke3 a4 44. Kd2 Ke4 45. Kc2 Ke3 46. Kb2 Kd2 47. Kb1 Kxc3 48. Ka1 Kb3 49. Kb1 Kxa3 50. Ka1 b5 51. Kb1 b4 52. Ka1 b3 53. Kb1 Bd3+ 54. Kc1 b2+ 55. Kd2 b1=Q 56. Kc3 Qc2# 0-1


[Site "https://www.chess.com"]

[Event "Titled Tuesday Blitz May 16 Late 2023"]
[White "Bordi, Kevin"]
[Black "Schnaider, Ilan"]
[WhiteFideId "621862"]
[BlackFideId "169013"]
[WhiteElo "2803"]
[BlackElo "2224"]
[Result "1/2-1/2"]
[Round "06"]
[TimeControl "180+2"]
[Date "2023.05.16"]
[WhiteClock "0:01:31"]
[BlackClock "0:00:19"]

1. e4 e5 2. Nf3 Nc6 3. d4 exd4 4. Nxd4 Nf6 5. Nxc6 bxc6 6. e5 Qe7 7. Qe2 Nd5 8. c4 Ba6 9. b3 g6 10. g3 Bg7 11. Bb2 O-O 12. Bg2 Rae8 13. O-O Bxe5 14. Qxe5 Qxe5 15. Bxe5 Rxe5 16. cxd5 Bxf1 17. Kxf1 cxd5 18. Nd2 c6 19. Rc1 Rfe8 20. Bf3 a5 21. h4 h5 22. a4 Kf8 23. Bd1 Ke7 24. Nf3 Re4 25. Rc5 Ra8 26. Ng5 Rd4 27. Ke2 Kd6 28. Rc1 Re8+ 29. Kf1 f6 30. Nf3 Rd3 31. Be2 Rxb3 32. Bd1 Rb4 33. Ne1 Reb8 34. Bc2 Rc4 35. Rd1 f5 36. Rd2 Rb2 37. Re2 Rc3 38. Rd2 c5 39. Ke2 Ra3 40. Nd3 Rba2 41. Nc1 Rb2 42. Nd3 Rb6 43. Nf4 d4 44. Nxg6 Rb2 45. Nf4 Raa2 46. Kd1 Ra1+ 47. Ke2 Raa2 48. Kd1 Ra1+ 49. Ke2 Raa2 1/2-1/2


[Site "https://www.chess.com"]

[Event "Titled Tuesday Blitz May 16 Late 2023"]
[White "Averjanov, Alexey"]
[Black "TimGrutter03"]
[WhiteFideId "14109867"]
[WhiteElo "2792"]
[BlackElo "2635"]
[Result "1/2-1/2"]
[Round "06"]
[TimeControl "180+2"]
[Date "2023.05.16"]
[WhiteClock "0:01:37"]
[BlackClock "0:00:59"]

1. d4 g6 2. c4 Bg7 3. Nf3 d6 4. Nc3 Bg4 5. e3 Nf6 6. Be2 O-O 7. O-O Nc6 8. h3 Bf5 9. b3 Ne4 10. Nxe4 Bxe4 11. Bb2 e5 12. dxe5 Nxe5 13. Nxe5 Bxe5 14. Bxe5 dxe5 15. Qxd8 Rfxd8 16. Rfd1 Kf8 17. Rxd8+ Rxd8 18. Rd1 Rxd1+ 19. Bxd1 c5 20. f3 Bc6 21. Kf2 Ke7 22. Bc2 f5 23. f4 Kf6 24. g3 b6 25. h4 h6 26. a3 a5 27. Ke2 g5 28. hxg5+ hxg5 29. Kd2 1/2-1/2


[Site "https://www.chess.com"]

[Event "Titled Tuesday Blitz May 16 Late 2023"]
[White "Spitzl, Vinzent"]
[Black "Trost, Edvin"]
[WhiteFideId "12901253"]
[BlackFideId "1729519"]
[WhiteElo "2225"]
[BlackElo "2368"]
[Result "1/2-1/2"]
[Round "06"]
[TimeControl "180+2"]
[Date "2023.05.16"]
[WhiteClock "0:00:27"]
[BlackClock "0:00:57"]

1. e4 c5 2. Nf3 d6 3. d4 cxd4 4. Nxd4 Nf6 5. Nc3 g6 6. Be3 Nc6 7. f3 h5 8. Bc4 Bg7 9. Qd2 Bd7 10. O-O O-O 11. Rad1 a6 12. a4 Ne5 13. Bb3 Rc8 14. Nd5 Nc4 15. Bxc4 Rxc4 16. b3 Rc8 17. c4 Bc6 18. Bf2 e6 19. Nxf6+ Qxf6 20. Nxc6 Rxc6 21. Bd4 Qe7 22. Bxg7 Kxg7 23. Qd4+ Kh7 24. Rd2 Rb8 25. Qd3 b5 26. axb5 axb5 27. cxb5 Rcb6 28. Rfd1 Qb7 29. Qe3 Rxb5 30. Rxd6 Rxb3 31. Qf4 Qa7+ 32. Kh1 Rb1 33. h4 Qc7 34. Rxb1 Rxb1+ 35. Kh2 Rd1 36. e5 Rc1 37. Qf6 Qa7 38. Rd8 Qg1+ 1/2-1/2


[Site "https://www.chess.com"]

[Event "Titled Tuesday Blitz May 16 Late 2023"]
[White "Tanenbaum, Zachary"]
[Black "Mirimanian, Hayk"]
[WhiteFideId "2060850"]
[BlackFideId "4700180"]
[WhiteElo "2175"]
[BlackElo "2280"]
[Result "0-1"]
[Round "06"]
[TimeControl "180+2"]
[Date "2023.05.16"]
[WhiteClock "0:00:16"]
[BlackClock "0:00:22"]

1. e4 c5 2. Nf3 d6 3. d4 cxd4 4. Nxd4 Nf6 5. Nc3 a6 6. Be3 e5 7. Nb3 Be6 8. f4 exf4 9. Bxf4 Nc6 10. Qe2 Be7 11. h3 Ne5 12. O-O-O Qc7 13. Kb1 O-O 14. g4 b5 15. g5 Nfd7 16. Nd5 Bxd5 17. exd5 Rfe8 18. h4 a5 19. Nd4 b4 20. h5 a4 21. g6 Bf6 22. gxf7+ Nxf7 23. Ne6 Qc8 24. Qg2 b3 25. cxb3 axb3 26. axb3 Qb8 27. Bc4 Qa7 28. Kc2 Bxb2 29. b4 Rec8 30. Kxb2 Qa3+ 31. Kb1 Qa1+ 32. Kc2 Qa2+ 33. Kd3 Ra3+ 34. Kd4 Qxc4# 0-1


[Site "https://www.chess.com"]

[Event "Titled Tuesday Blitz May 16 Late 2023"]
[White "Romkachess"]
[Black "Goltsev, Dmitry"]
[BlackFideId "24176710"]
[WhiteElo "2568"]
[BlackElo "2356"]
[Result "1-0"]
[Round "06"]
[TimeControl "180+2"]
[Date "2023.05.16"]
[WhiteClock "0:00:17"]
[BlackClock "0:00:06"]

1. e4 e6 2. d4 d5 3. Nc3 c5 4. exd5 exd5 5. Bb5+ Nc6 6. Nf3 Nf6 7. O-O Be7 8. dxc5 Bxc5 9. Re1+ Be6 10. Be3 Bxe3 11. Rxe3 O-O 12. Nd4 Qb6 13. Bxc6 bxc6 14. Na4 Qc7 15. Nc5 Ng4 16. Rg3 Bc8 17. Rxg4 Bxg4 18. Qxg4 Qb6 19. Ndb3 Rfe8 20. h4 Re7 21. h5 h6 22. Nd3 Rae8 23. a4 Re2 24. a5 Qb8 25. Rc1 Qd6 26. Qg3 Qf6 27. Nbc5 Rd2 28. Qf4 Qxf4 29. Nxf4 Rb8 30. Nfd3 Re2 31. Kf1 Re7 32. Re1 Rxe1+ 33. Kxe1 g6 34. hxg6 fxg6 35. Nd7 Re8+ 36. Kf1 Kf7 37. N7e5+ Kf6 38. Nxc6 a6 39. Ncb4 Rc8 40. Nxd5+ Ke6 41. Ne3 g5 42. g4 Rb8 43. b4 Kd6 44. Nf5+ Kd5 45. Ne3+ Kd4 46. Ke2 Kc3 47. Nc5 Rxb4 48. Nxa6 Ra4 49. Nc5 Rxa5 50. Ne4+ Kd4 51. Ng3 Ra2 52. Kf3 Ke5 53. Ngf5 Ra6 54. c4 Rc6 55. Ng3 Kd4 56. Kg2 Kd3 57. Ngf5 Ra6 58. c5 Ke4 59. Ne7 Re6 60. N3f5 Kf4 61. c6 Re2 62. c7 Rc2 63. c8=Q Rxc8 64. Nxc8 Kxg4 65. Nxh6+ Kf4 66. Nf7 g4 67. Ncd6 g3 68. fxg3+ Kg4 69. Ne5+ Kg5 70. Kf3 Kh5 71. Kf4 Kh6 72. g4 Kg7 73. Kf5 Kh6 74. g5+ Kh7 75. Ne4 Kg7 76. g6 Kh6 77. Kf6 Kh5 78. g7 Kh4 79. g8=Q Kh3 80. Qg3# 1-0


[Site "https://www.chess.com"]

[Event "Titled Tuesday Blitz May 16 Late 2023"]
[White "Omranalhosani21"]
[Black "Baskakov, Egor"]
[BlackFideId "24197866"]
[WhiteElo "2573"]
[BlackElo "2225"]
[Result "0-1"]
[Round "06"]
[TimeControl "180+2"]
[Date "2023.05.16"]
[WhiteClock "0:00:00"]
[BlackClock "0:00:07"]

1. e4 c5 2. Ne2 Nf6 3. e5 Nd5 4. Nbc3 e6 5. g3 d6 6. exd6 Bxd6 7. Bg2 O-O 8. O-O Bc7 9. d4 Nxc3 10. bxc3 cxd4 11. cxd4 Nc6 12. Be3 Re8 13. Rb1 Bb6 14. c4 Rb8 15. Bf4 e5 16. dxe5 Qxd1 17. Rfxd1 Bg4 18. Rd2 Nxe5 19. Bxe5 Rxe5 20. Nf4 Bf5 21. Rc1 g6 22. h3 h5 23. Nd5 Ba5 24. Rb2 b6 25. c5 Rd8 26. cxb6 axb6 27. Nxb6 Rb8 28. Nc4 Rxb2 29. Nxb2 Re2 30. Nc4 Bd8 31. a4 Ra2 32. a5 Be6 33. h4 Kg7 34. Bf3 Ra4 35. Nd6 Bxa5 36. Kg2 Ra2 37. Ne4 Bb6 38. Re1 Bf5 39. Rb1 Ba7 40. Re1 Bxe4 41. Bxe4 Rxf2+ 42. Kh3 Bb8 43. Re3 f6 44. Rb3 Be5 45. Rb7+ Kh6 46. Bg2 g5 47. Rb3 g4+ 48. Kh2 Rd2 49. Re3 Kg6 50. Re4 Kf7 51. Ra4 Ke6 52. Ra3 f5 53. Kg1 f4 54. gxf4 Bxf4 55. Ra5 Be3+ 56. Kf1 Rf2+ 57. Ke1 Rxg2 58. Rxh5 g3 59. Rh6+ Bxh6 0-1


[Site "https://www.chess.com"]

[Event "Titled Tuesday Blitz May 16 Late 2023"]
[White "Domingo Nunez, Alejandro"]
[Black "Lazavik, Denis"]
[WhiteFideId "22245561"]
[BlackFideId "13515110"]
[WhiteElo "2291"]
[BlackElo "2560"]
[Result "0-1"]
[Round "06"]
[TimeControl "180+2"]
[Date "2023.05.16"]
[WhiteClock "0:00:00"]
[BlackClock "0:00:29"]

1. Nf3 d5 2. g3 g6 3. Bg2 Bg7 4. d4 Nf6 5. O-O O-O 6. c4 c6 7. Qb3 a5 8. cxd5 a4 9. Qd1 cxd5 10. Nc3 Qa5 11. Bd2 Nc6 12. Rc1 Qa6 13. Ne5 Nxd4 14. Bf4 Ne6 15. Nxd5 Nxd5 16. Bxd5 Nxf4 17. gxf4 Bh3 18. Re1 Bxe5 19. fxe5 Rad8 20. Rc3 Bg4 21. Rd3 Qa5 22. Rd4 e6 23. Rxa4 Qc7 24. Rxg4 Rxd5 25. Qb3 Qxe5 26. Qxb7 Rb8 27. Qa7 Rxb2 28. Qa6 Rdd2 29. Qc8+ Kg7 0-1


[Site "https://www.chess.com"]

[Event "Titled Tuesday Blitz May 16 Late 2023"]
[White "Grigorov, Grigor"]
[Black "Colbow, Collin"]
[WhiteFideId "2907313"]
[BlackFideId "16201132"]
[WhiteElo "2510"]
[BlackElo "2351"]
[Result "1-0"]
[Round "06"]
[TimeControl "180+2"]
[Date "2023.05.16"]
[WhiteClock "0:00:57"]
[BlackClock "0:00:00"]

1. d4 b6 2. e4 Bb7 3. Bd3 e6 4. Nf3 c5 5. c3 Nf6 6. Qe2 Nc6 7. a3 Rc8 8. O-O Na5 9. Nbd2 d5 10. e5 Nd7 11. b4 cxb4 12. cxb4 Nc4 13. Nxc4 dxc4 14. Bxc4 Bxf3 15. gxf3 Qh4 16. Be3 Be7 17. Kh1 O-O 18. f4 Qh3 19. Rg1 Bh4 20. Bb5 Rfd8 21. Rac1 Rxc1 22. Rxc1 Nf8 23. Bc6 Ng6 24. Qf3 Qxf3+ 25. Bxf3 Ne7 26. Rc7 Nf5 27. Rxa7 Nxd4 28. Be4 Nb5 29. Ra6 Nc3 30. Bxb6 Rd1+ 31. Kg2 g5 32. Bf3 gxf4 33. Bxd1 Nxd1 34. Kf3 Bg5 35. Bd4 1-0


[Site "https://www.chess.com"]

[Event "Titled Tuesday Blitz May 16 Late 2023"]
[White "Janaszak, Dawid"]
[Black "Hambleton, Aman"]
[WhiteFideId "1119206"]
[BlackFideId "2606577"]
[WhiteElo "2220"]
[BlackElo "2511"]
[Result "0-1"]
[Round "06"]
[TimeControl "180+2"]
[Date "2023.05.16"]
[WhiteClock "0:00:00"]
[BlackClock "0:00:03"]

1. e4 c5 2. Nc3 e6 3. Nge2 a6 4. g3 b5 5. Bg2 Bb7 6. O-O Nf6 7. d3 d5 8. e5 Nfd7 9. f4 Nc6 10. a4 b4 11. Nb1 Be7 12. c3 bxc3 13. bxc3 Na5 14. d4 g6 15. Nd2 Nb6 16. Rb1 Bc6 17. f5 Bxa4 18. Qe1 gxf5 19. g4 fxg4 20. Qf2 Bc2 21. Qxf7+ Kd7 22. Nf4 Bf5 23. Rxb6 Qxb6 24. Nxd5 exd5 25. Qxd5+ Kc7 26. Rxf5 Raf8 27. Rf7 Rxf7 28. Qxf7 Kd8 29. Ba3 Rf8 30. Qd5+ Kc7 31. dxc5 Qc6 32. Qd3 Bxc5+ 33. Kh1 Qb6 34. Qxh7+ Kb8 35. e6 Bxa3 36. e7 Re8 37. Qf7 Rxe7 38. Qf8+ Kc7 39. Qf4+ Bd6 40. Qxg4 Re1+ 41. Nf1 Qf2 42. Qg7+ Be7 0-1


[Site "https://www.chess.com"]

[Event "Titled Tuesday Blitz May 16 Late 2023"]
[White "Kuznetsov, Felix"]
[Black "Roberson, Peter T"]
[WhiteFideId "34147990"]
[BlackFideId "412384"]
[WhiteElo "2281"]
[BlackElo "2346"]
[Result "1-0"]
[Round "06"]
[TimeControl "180+2"]
[Date "2023.05.16"]
[WhiteClock "0:00:17"]
[BlackClock "0:00:00"]

1. e4 e5 2. Nc3 Nf6 3. f4 d5 4. fxe5 Nxe4 5. Qf3 Nxc3 6. bxc3 Be7 7. d4 O-O 8. Bd3 c5 9. Ne2 f6 10. Qh5 f5 11. Nf4 Nc6 12. Be3 Qa5 13. O-O Qxc3 14. Nxd5 Qa5 15. Nxe7+ Nxe7 16. Bc4+ Kh8 17. Rf3 f4 18. Raf1 cxd4 19. Rxf4 Bf5 20. Bxd4 Qd2 21. c3 g6 22. Qh6 Nc6 23. g4 Nxd4 24. cxd4 Qe3+ 25. R1f2 Qc1+ 26. Bf1 Rad8 27. gxf5 Rxf5 28. e6 Rxd4 29. Rxf5 Qxh6 30. Rf8+ Qxf8 31. Rxf8+ Kg7 32. e7 Rg4+ 33. Bg2 Re4 34. e8=Q 1-0


[Site "https://www.chess.com"]

[Event "Titled Tuesday Blitz May 16 Late 2023"]
[White "AyMitecK"]
[Black "Wagner, Dennis"]
[BlackFideId "24650684"]
[WhiteElo "2556"]
[BlackElo "2478"]
[Result "1-0"]
[Round "06"]
[TimeControl "180+2"]
[Date "2023.05.16"]
[WhiteClock "0:00:19"]
[BlackClock "0:00:01"]

1. e4 e5 2. Nf3 Nc6 3. Bc4 Bc5 4. O-O Nf6 5. d3 d6 6. c3 h6 7. Nbd2 O-O 8. h3 Bb6 9. Bb3 a5 10. a4 Ne7 11. Re1 c6 12. Nf1 Ng6 13. d4 d5 14. exd5 e4 15. Ne5 cxd5 16. Ne3 Be6 17. Nxg6 fxg6 18. f3 Kh7 19. fxe4 Nxe4 20. Bc2 Qh4 21. Bxe4 dxe4 22. Re2 Bc7 23. Nf1 Bc4 24. Be3 Rxf1+ 25. Qxf1 Qg3 26. Qf2 Qh2+ 27. Kf1 Qh1+ 28. Qg1 Rf8+ 29. Ke1 Qxg1+ 30. Bxg1 Bg3+ 31. Kd2 Bxe2 32. Kxe2 g5 33. Rd1 Kg6 34. d5 Re8 35. d6 Rd8 36. d7 Kf7 37. Bb6 Ke7 38. Bxd8+ 1-0


[Site "https://www.chess.com"]

[Event "Titled Tuesday Blitz May 16 Late 2023"]
[White "Timmermans, Mark"]
[Black "Bruedigam, Martin"]
[WhiteFideId "1026399"]
[BlackFideId "24608033"]
[WhiteElo "2460"]
[BlackElo "2331"]
[Result "1-0"]
[Round "06"]
[TimeControl "180+2"]
[Date "2023.05.16"]
[WhiteClock "0:00:48"]
[BlackClock "0:00:09"]

1. Nf3 d5 2. c4 e6 3. e3 Nf6 4. b3 Be7 5. Bb2 Nbd7 6. Be2 O-O 7. cxd5 exd5 8. O-O c6 9. Nc3 Re8 10. a3 a5 11. d4 Nf8 12. Ne5 Bf5 13. Bd3 Bxd3 14. Nxd3 Bd6 15. b4 Ng6 16. h3 Bc7 17. Re1 Qd6 18. f4 Ne4 19. Nxe4 dxe4 20. Ne5 axb4 21. Qb3 Nxe5 22. fxe5 Qd5 23. Qxd5 cxd5 24. axb4 Rxa1 25. Rxa1 Bb6 26. b5 Rc8 27. Ba3 Ra8 28. Rc1 f6 29. Bc5 Rc8 30. e6 Ba5 31. Rf1 Bd2 32. Kf2 Re8 33. e7 Ba5 34. b6 Kf7 35. Ke2 Ra8 36. Ra1 Ra6 37. Kd1 Ke8 38. Kc2 Kd7 39. Kb3 Bxb6 40. Rxa6 Bxc5 41. e8=Q+ Kxe8 42. Ra8+ 1-0


[Site "https://www.chess.com"]

[Event "Titled Tuesday Blitz May 16 Late 2023"]
[White "Haszon, David"]
[Black "Bryakin, Mikhail"]
[WhiteFideId "733610"]
[BlackFideId "4165314"]
[WhiteElo "2210"]
[BlackElo "2467"]
[Result "0-1"]
[Round "06"]
[TimeControl "180+2"]
[Date "2023.05.16"]
[WhiteClock "0:00:47"]
[BlackClock "0:01:45"]

1. d4 Nf6 2. Nf3 c5 3. Be3 cxd4 4. Qxd4 Nc6 5. Qa4 g6 6. Nd4 Bg7 7. Nxc6 bxc6 8. Nc3 O-O 9. h4 d5 10. Qxc6 Bf5 11. O-O-O Rc8 12. Qb5 Be6 13. Bd4 Qc7 14. f3 Rfd8 15. e3 Rb8 16. Qa4 a5 17. g4 Rb4 18. Qa3 Rdb8 19. b3 Nxg4 20. Bxg7 Kxg7 21. Nxd5 Bxd5 22. Rxd5 Nxe3 23. Qxa5 Qxc2# 0-1


[Site "https://www.chess.com"]

[Event "Titled Tuesday Blitz May 16 Late 2023"]
[White "Loiacono, Antonio"]
[Black "Harshavardhan G B"]
[WhiteFideId "895415"]
[BlackFideId "25059009"]
[WhiteElo "2257"]
[BlackElo "2323"]
[Result "1/2-1/2"]
[Round "06"]
[TimeControl "180+2"]
[Date "2023.05.16"]
[WhiteClock "0:00:24"]
[BlackClock "0:01:56"]

1. e4 e5 2. Nf3 Nc6 3. Nc3 Nf6 4. Bb5 Bd6 5. O-O a6 6. Bxc6 dxc6 7. h3 c5 8. d3 h6 9. a4 a5 10. Nd2 Nd7 11. Nc4 Qe7 12. Nd5 Qd8 13. f4 exf4 14. Nxd6+ cxd6 15. Bxf4 Ne5 16. Bxe5 dxe5 17. Qh5 O-O 18. Qxe5 Ra6 19. Rf2 Re6 20. Qf4 Bd7 21. b3 Bc6 22. c4 Bxd5 23. cxd5 Rf6 24. Qe3 Rxf2 25. Qxf2 Qb6 26. Rb1 Qb4 27. Qc2 Qd4+ 28. Kh1 f5 29. Qc4 Qe3 30. d6+ Kh7 31. Rf1 f4 32. d7 f3 33. Rxf3 Rxf3 34. gxf3 Qf2 35. e5 Qf1+ 36. Kh2 Qf2+ 37. Kh1 Qf1+ 38. Kh2 Qf2+ 39. Kh1 1/2-1/2


[Site "https://www.chess.com"]